AoeStats
← Wollebrocken

MegaRandom

509177423Analyzed
2v2 RM · 7d ago on Sep 25, 2026· 62m 17s· 4 players
Game mode
Random Map
Map size
Medium (4 player)
Population
200
Speed
Normal
Resources
Standard
Victory
Conquest
Starting age
Dark Age
Ending age
Imperial Age
RankedLock teamsTeams togetherTeam positionsShared explorationLock speedFull tech treeHidden civsTurbo modeCheats
Victory
Defeat
🇬🇧 Varangians · United Kingdom
1196
+16
🇩🇪 Danes · Germany
1143
+18
🇮🇹 Varangians · Italy
1202
-17
🇩🇪 Mongols · Germany
1184
-17
JakeOtto
5:23 Loom
12:00 Feudal Age
12:41 Double-Bit Axe
18:01 Castle Age
15:51 Fishing Lines
16:28 Horse Collar
17:12 Fletching
19:13 Bow Saw
19:27 Bodkin Arrow
22:51 Ballistics
23:42 Town Watch
24:33 Wheelbarrow
24:07 Gillnets
25:00 Bloodlines
24:50 Husbandry
26:38 Scale Barding Armor
27:09 Forging
27:51 Hand Cart
29:39 Iron Casting
29:09 Squires
28:58 Pikeman
30:20 Scale Mail Armor
32:18 Chain Mail Armor
32:23 Gambesons
37:40 Imperial Age
37:45 Onager
38:51 Halberdier
38:53 Elite Skirmisher
40:14 Conscription
40:17 Padded Archer Armor
40:17 Bracer
40:49 Plate Mail Armor
41:19 Blast Furnace
41:07 Man-at-Arms
41:44 Long Swordsman
42:23 Two-Handed Swordsman
46:23 Leather Archer Armor
51:46 Ring Archer Armor
52:22 Capped Ram
54:19 Gold Mining
58:13 Elite Longship
cocoloco
12:48 Feudal Age
13:41 Fishing Lines
13:51 Double-Bit Axe
14:14 Loom
17:17 Castle Age
15:47 Gold Mining
17:19 Fletching
17:57 Bodkin Arrow
19:07 Gillnets
21:19 Ballistics
27:48 Wheelbarrow
26:58 Town Watch
29:02 Scale Mail Armor
29:12 Forging
29:56 Gold Shaft Mining
29:44 Pikeman
30:25 Squires
32:17 Chain Mail Armor
32:37 Iron Casting
32:27 Stone Mining
34:17 Bow Saw
36:40 Imperial Age
34:28 Hand Cart
34:14 Town Patrol
39:27 Halberdier
40:41 Plate Mail Armor
41:11 Blast Furnace
40:12 Bracer
41:17 Chemistry
40:06 Horse Collar
41:42 Siege Engineers
41:28 Elite Varangian Guard
42:59 Elite Jomsviking
44:02 Conscription
45:04 Man-at-Arms
45:30 Gambesons
45:57 Scale Barding Armor
45:53 Padded Archer Armor
48:37 Man-at-Arms
49:36 Long Swordsman
50:12 Elite Longship
50:32 Two-Handed Swordsman
54:56 Clinker Construction
55:10 Shipwright
56:43 Carvel Hull
56:35 Careening
56:03 Champion
58:02 Arson
58:23 Onager
58:26 Capped Ram
60:41 Dry Dock
60:18 Murder Holes
60:33 Masonry
61:02 Siege Onager
61:05 Siege Ram
62:08 Guard Tower
62:04 Arrowslits
61:50 Northmen's Fury
62:53 Conscription
63:09 Hoardings
Wollebrocken
8:28 Loom
12:24 Feudal Age
13:00 Double-Bit Axe
13:03 Horse Collar
14:09 Wheelbarrow
15:15 Fishing Lines
19:01 Castle Age
18:05 Bloodlines
18:10 Stone Mining
20:02 Bow Saw
23:42 Gold Mining
26:49 Hand Cart
27:23 Pikeman
28:27 Husbandry
32:42 Fletching
33:50 Gold Shaft Mining
33:55 Heavy Plow
34:04 Bodkin Arrow
34:21 Forging
36:52 Imperial Age
35:43 Ballistics
35:17 Town Watch
37:18 Padded Archer Armor
37:05 Elite Mangudai
39:49 Conscription
39:20 Elite Steppe Lancer
40:12 Bracer
43:33 Onager
44:14 Capped Ram
46:17 Stone Shaft Mining
45:16 Siege Ram
47:02 Drill
49:16 Light Cavalry
50:09 Hussar
51:54 Hussar
57:19 Siege Onager
I AM MATTEO
6:35 Loom
11:01 Feudal Age
14:52 Castle Age
14:42 Horse Collar
14:56 Double-Bit Axe
15:32 Stone Mining
17:38 Bloodlines
17:32 Husbandry
17:39 Scale Barding Armor
18:29 Bow Saw
22:08 Wheelbarrow
26:18 Vendel Legacy
27:46 Heavy Plow
28:25 Forging
30:23 Gold Mining
33:27 Scale Mail Armor
34:02 Iron Casting
36:30 Imperial Age
35:23 Chain Mail Armor
35:14 Squires
34:59 Gambesons
35:00 Arson
36:47 Elite Varangian Guard
38:36 Blast Furnace
38:07 Plate Mail Armor
40:34 Conscription
43:29 Crop Rotation
43:08 Gothikon
49:01 Elite Jarl
51:22 Chain Barding Armor
51:23 Hand Cart
50:54 Loom
50:55 Town Watch
52:53 Ballistics
52:30 Murder Holes
53:19 Fletching
53:30 Padded Archer Armor
57:24 Plate Barding Armor
57:25 Cavalier
Connection lost

Rejoining the realm…

Still unreachable

The connection could not be restored.

Session expired

The server has moved on; the page needs a fresh start.